 Dungeon Crawl Stone Soup version 0.23.0 (webtiles) character file.

Game seed: 3688651172461338688

4626 WakaMole the Grappler (level 10, 0/81 HPs)
             Began as a Yellow Draconian Monk on Feb 10, 2019.
             Was a Priest of Dithmenos.
             Slain by a troll (5 damage)
             ... on level 8 of the Dungeon.
             The game lasted 00:31:46 (10753 turns).

WakaMole the Grappler (Yellow Draconian Monk)      Turns: 10753, Time: 00:31:47

Health: 0/81       AC: 10    Str: 16    XL:     10   Next: 19%
Magic:  14/14      EV: 14    Int: 14    God:    Dithmenos [***...]
Gold:   492        SH:  4    Dex: 13    Spells: 12/14 levels left

rFire    + . .     SeeInvis +     - Unarmed
rCold    . . .     Gourm    .   (no shield)
rNeg     . . .     Faith    .   (armour unavailable)
rPois    +         Spirit   .   (helmet restricted)
rElec    .         Reflect  +   (no cloak)
rCorr    .         Harm     .   d - +2 pair of gloves
MR       .....                  (no boots)
Stlth    ++++......             h - +4 amulet of reflection
HPRegen  0.23/turn              x - ring of poison resistance
MPRegen  0.14/turn              u - ring of protection from fire

@: short of breath, wreathed by umbra
A: spit acid, unfitting armour, see invisible, strong 1, cold-blooded, AC +7
a: Breathe Acid, Shadow Step, Renounce Religion


You were on level 8 of the Dungeon.
You worshipped Dithmenos.
Dithmenos was most pleased with you.
You were not hungry.

You visited 2 branches of the dungeon, and saw 10 of its levels.
You also visited: Sewer.

You collected 492 gold pieces.

Inventory:

Hand Weapons
 j - a +0 trident
Missiles
 b - 80 arrows
 c - 4 tomahawks
 g - 146 stones (quivered)
 v - 2 throwing nets
Armour
 d - a +2 pair of gloves (worn)
Jewellery
 h - a +4 amulet of reflection (around neck)
 u - a ring of protection from fire (right hand)
 x - a ring of poison resistance (left hand)
Wands
 k - a wand of paralysis (5)
 q - a wand of polymorph (2)
 s - a wand of digging (3)
Scrolls
 e - a scroll of blinking {unknown}
 i - a scroll of enchant armour
 n - 2 scrolls of fear {unknown}
 p - a scroll of identify
Potions
 f - 3 potions of brilliance
 m - 7 potions of curing
 o - a potion of degeneration
 r - a potion of magic {unknown}
 t - 2 potions of agility {unknown}
 w - 2 potions of might
 z - a potion of haste
Comestibles
 a - 23 rations


   Skills:
 + Level 5.3 Fighting
 - Level 0.4 Throwing
 - Level 5.0 Dodging
 + Level 4.9 Stealth
 + Level 11.2 Unarmed Combat
 - Level 2.9 Spellcasting
 - Level 3.4 Translocations
 - Level 4.5 Invocations


You had 12 spell levels left.
You knew the following spells:

 Your Spells              Type           Power        Failure   Level  Hunger
a - Blink                 Tloc           N/A          8%          2    ##.....

Your spell library contained the following spells:

 Spells                   Type           Power        Failure   Level  Hunger
 Beastly Appendage        Tmut           #.....       22%         1    #......
 Corona                   Hex            #......      22%         1    #......
 Magic Dart               Conj           #...         22%         1    #......
 Call Imp                 Summ           #.......     32%         2    ##.....
 Slow                     Hex            #.......     32%         2    ##.....
 Sticks to Snakes         Tmut           #.......     32%         2    ##.....
 Portal Projectile        Hex/Tloc       #.....       32%         3    ###....
 Conjure Flame            Conj/Fire      #.......     54%         3    ###....
 Inner Flame              Hex/Fire       #.......     54%         3    ###....
 Mephitic Cloud           Conj/Pois/Air  #.......     54%         3    ###....
 Spider Form              Tmut/Pois      #.........   54%         3    ###....
 Cause Fear               Hex            #.........   91%         4    #####..
 Ice Form                 Ice/Tmut       #.......     91%         4    #####..
 Leda's Liquefaction      Hex/Erth       #.........   91%         4    #####..
 Blade Hands              Tmut           #.........   99%         5    ######.


Dungeon Overview and Level Annotations

Branches:
Dungeon (9/15)             Temple (1/1) D:6            Lair (0/6) D:9
    Orc: D:9-12

Altars:
Ashenzari
Cheibriados
Dithmenos
Elyvilon
Fedhas
Gozag
Hepliaklqana
Kikubaaqudgha
Makhleb
Nemelex Xobeh
Okawaru
Qazlal
Ru
Sif Muna
Trog
Uskayaw
Vehumet
Wu Jian
Xom
Yredelemnul
Zin
The Shining One

Annotations:
D:4 exclusion: downstairs, Blork the orc
D:6 exclusion: downstairs
D:7 3 runed translucent doors, appiemonkey's ghost, novice BaFi


Innate Abilities, Weirdness & Mutations

You can spit globs of acid.
Your golden yellow scales are hard. (AC +7)
You cannot fit into any form of body armour.
You are cold-blooded and may be slowed by cold attacks.
You have supernaturally acute eyesight. (SInv)
Your muscles are strong. (Str +2)


Message History

* * * LOW HITPOINT WARNING * * *
The troll claws you.
* * * LOW HITPOINT WARNING * * *
Okay, then.
Okay, then.
Okay, then.
Evoke which item? (* to show all) (? for menu, Esc to quit)
Okay, then.
Press: ? - help, Shift-Dir - straight line, f - hound
Aim: a hound (moderately wounded, umbra)
You spit a glob of acid.
The glob of acid hits the hound.
The hound is splashed with acid!
The acid corrodes the hound!
The hound is almost dead.
The hound is splashed with acid.
You kill the hound!
Dithmenos accepts your kill.
You feel somewhat more hungry. The troll bites you.
* * * LOW HITPOINT WARNING * * *
The troll claws you.
You die...

#.##.....###
#..........#
#..#.....#.# ###
#.###.<.##.# ##.## ♣.♣
#..###.# ##.#.##
♣.♣♣#..###.####.###.##
..†............## ##.#
♣.♣♣#..###......###.##
♣.♣ #>.# #####.#@#.##
#.###..# #.##T##
.......#######.##.#
##..##.......#.##.#
........####.#.##.#
##..##.##
#.#.##.#######
##..##.#
#...##.......#
....##.#
#.##########.#
.......#####.# #.#


You could see a troll.

Vanquished Creatures
  Grinder (D:3)
  2 hippogriffs
  Duvessa (D:3)
  An orc warrior (D:6)
  5 ice beasts
  Purgy (Sewer)
  3 phantoms
  2 sky beasts
  A necrophage (D:6)
  3 ogres
  3 centaurs (D:7)
  A bullfrog (D:6)
  Dowan (D:3)
  3 scorpions
  25 killer bees (D:8)
  3 wights (D:6)
  A howler monkey (D:6)
  A crimson imp (D:5)
  2 quasits
  A hound (D:8)
  A gnoll shaman (D:5)
  2 jellies (D:7)
  An orc priest (D:5)
  2 bullfrog skeletons
  Natasha (twice) (D:2)
  3 iguanas
  A killer bee zombie (D:6)
  A worker ant (D:4)
  A hound zombie (D:8)
  A hound skeleton (D:5)
  Robin (D:4)
  8 gnolls
  6 adders
  A shadow imp (D:7)
  2 adder zombies
  An adder skeleton (D:4)
  3 dart slugs
  9 leopard geckos
  9 orcs
  9 bats
  8 giant cockroaches
  16 goblins
  10 hobgoblins
  11 jackals
  4 quokkas
  A ball python (D:1)
  5 frilled lizards
  9 kobolds
  2 quokka skeletons (D:5)
  A quokka zombie (D:6)
  8 rats
200 creatures vanquished.

Notes
Turn   | Place    | Note
-------+----------+-------------------------------------------
     0 | D:1      | WakaMole the Draconian Monk began the quest for the Orb.
     0 | D:1      | Reached XP level 1. HP: 19/19 MP: 1/1
   302 | D:1      | Reached XP level 2. HP: 26/26 MP: 2/2
   913 | D:1      | Reached XP level 3. HP: 23/31 MP: 3/3
  1495 | D:2      | Found a glowing silver altar of Zin.
  1822 | D:2      | Noticed Natasha
  1829 | D:2      | Killed Natasha
  1829 | D:2      | Reached XP level 4. HP: 14/40 MP: 4/4
  1872 | D:2      | Noticed Natasha
  2353 | D:2      | Reached skill level 4 in Unarmed Combat
  2621 | D:2      | Killed Natasha
  2928 | D:1      | Reached XP level 5. HP: 19/46 MP: 5/5
  3413 | D:3      | Found a snail-covered altar of Cheibriados.
  3541 | D:3      | Noticed Grinder
  3578 | D:3      | Killed Grinder
  3578 | D:3      | Reached skill level 5 in Unarmed Combat
  3578 | D:3      | Reached XP level 6. HP: 48/52 MP: 6/6
  3703 | D:4      | Noticed Blork the orc
  3711 | D:4      | Noticed Robin
  3804 | D:4      | Killed Robin
  4266 | D:4      | Noticed Dowan
  4280 | D:4      | Noticed Duvessa
  4303 | D:3      | Killed Duvessa
  4303 | D:3      | Reached skill level 6 in Unarmed Combat
  4303 | D:3      | Your scales start taking on a golden yellow colour.
  4303 | D:3      | Reached XP level 7. HP: 35/59 MP: 7/7
  4310 | D:3      | Killed Dowan
  4527 | D:4      | Learned a level 2 spell: Blink
  4826 | D:5      | Entered Level 5 of the Dungeon
  5424 | D:5      | Reached skill level 1 in Translocations
  5665 | D:5      | Reached skill level 1 in Spellcasting
  5890 | D:5      | Reached skill level 7 in Unarmed Combat
  6036 | D:5      | Reached XP level 8. HP: 64/67 MP: 9/9
  6328 | D:6      | Reached skill level 5 in Dodging
  6390 | D:6      | Found a glowing drain.
  6399 | Sewer    | Entered a sewer
  6444 | Sewer    | Noticed Purgy
  6713 | Sewer    | Gained mutation: You have supernaturally acute eyesight.
                  | (SInv) [potion of mutation]
  6713 | Sewer    | Gained mutation: Your muscles are strong. (Str +2) [potion
                  | of mutation]
  6735 | Sewer    | Killed Purgy
  7144 | D:6      | Reached skill level 8 in Unarmed Combat
  7190 | D:6      | Found a staircase to the Ecumenical Temple.
  7206 | Temple   | Entered the Ecumenical Temple
  7362 | Temple   | Became a worshipper of Dithmenos the Shadowed
  7362 | Temple   | Reached * piety under Dithmenos
  7362 | Temple   | Reached ** piety under Dithmenos
  7854 | D:6      | Reached skill level 1 in Invocations
  7854 | D:6      | Reached XP level 9. HP: 53/72 MP: 13/13
  8438 | D:7      | Reached skill level 9 in Unarmed Combat
  8570 | D:7      | Found a runed translucent gate.
  8570 | D:7      | Found a runed translucent gate.
  8572 | D:7      | Found a runed translucent gate.
  8574 | D:7      | Noticed appiemonkey's ghost (novice BaFi)
  9462 | D:8      | Reached skill level 10 in Unarmed Combat
  9525 | D:8      | Reached skill level 5 in Fighting
  9679 | D:8      | Noticed a queen bee
  9874 | D:8      | Reached XP level 10. HP: 24/81 MP: 14/14
 10077 | D:8      | Reached skill level 11 in Unarmed Combat
 10357 | D:8      | Reached *** piety under Dithmenos
 10734 | D:9      | Found a staircase to the Lair.
 10753 | D:8      | Slain by a troll

Skill      XL: |  1  2  3  4  5  6  7  8  9 10 |
---------------+-------------------------------+-----
Dodging        | 3 4 5 |  5.0
Stealth        | 2 3 4 |  4.9
Unarmed Combat | 4 5 6 7 8 10 11 | 11.2
Fighting       | 4 5 |  5.3
Translocations | 1 3 |  3.4
Spellcasting   | 1 2 |  2.9
Invocations    | 1 4 |  4.5
Throwing       | |  0.4

Action                   |  1- 3 |  4- 6 |  7- 9 | 10-12 || total
-------------------------+-------+-------+-------+-------++-------
Melee: Unarmed           |   151 |   214 |   507 |    80 ||   952
       Tailslap          |    12 |    23 |    56 |     5 ||    96
       Punch             |     2 |     1 |     9 |     2 ||    14
Throw: Stone             |       |       |     6 |       ||     6
 Abil: Breathe Acid      |       |       |     7 |     1 ||     8
  Use: Scroll            |       |     3 |     7 |       ||    10
       Potion            |       |       |    14 |     1 ||    15
 Stab: Sleeping          |     8 |     4 |     5 |     3 ||    20
       Confused          |       |     2 |       |       ||     2
       Distracted        |       |       |     1 |     1 ||     2
  Eat: Chunk             |     3 |     8 |    14 |     5 ||    30
       Ration            |       |       |     1 |       ||     1
Armor: Skin              |    26 |    51 |   184 |    32 ||   293
Dodge: Dodged            |   104 |   119 |   419 |    77 ||   719
Block: Other             |       |       |    34 |    10 ||    44
